AoeStats
← Doak

African Clearing

506744763Analyzed
4v4 RM · 17d ago on Sep 14, 2026· 51m 11s· 8 players
Game mode
Random Map
Map size
Large (8 player)
Population
200
Speed
Normal
Resources
Standard
Victory
Conquest
Starting age
Dark Age
Ending age
Imperial Age
RankedLock teamsTeams togetherTeam positionsShared explorationLock speedFull tech treeHidden civsTurbo modeCheats
Victory
Defeat
🇺🇸 Mongols · United States
1457
+14
🇺🇸 Berbers · United States
1439
+15
🇭🇺 Bengalis · Hungary
1437
+15
🇺🇸 Hindustanis · United States
1431
+15
🇺🇸 Koreans · United States
1465
-16
🇺🇸 Mapuche · United States
1440
-16
🇬🇧 Koreans · United Kingdom
1395
-14
🇺🇸 Mongols · United States
1378
-13
some.spiced.ham
12:44 Feudal Age
13:40 Double-Bit Axe
15:17 Loom
19:28 Castle Age
19:26 Stone Mining
21:39 Fletching
25:32 Bodkin Arrow
28:04 Ballistics
29:18 Husbandry
36:10 Bloodlines
42:05 Padded Archer Armor
49:00 Imperial Age
50:06 Conscription
el_Feist
3:53 Loom
13:21 Feudal Age
18:58 Castle Age
18:00 Fletching
37:45 Double-Bit Axe
41:28 Horse Collar
Doak
3:55 Loom
14:18 Feudal Age
18:00 Castle Age
16:22 Double-Bit Axe
16:55 Gold Mining
19:05 Bow Saw
18:48 Horse Collar
23:37 Fletching
28:24 Bodkin Arrow
29:09 Wheelbarrow
28:19 Town Watch
29:09 Ballistics
37:37 Imperial Age
38:23 Bracer
40:10 Chemistry
41:29 Eupseong
40:53 Elite War Wagon
43:17 Hand Cart
43:48 Thumb Ring
Thundernips, The Ultimate Gigolo
12:48 Feudal Age
13:41 Loom
16:59 Castle Age
16:35 Double-Bit Axe
16:33 Fishing Lines
18:15 Bow Saw
21:28 Wheelbarrow
24:12 Gold Mining
24:45 Fletching
25:49 Gold Shaft Mining
25:23 Bodkin Arrow
30:12 Imperial Age
29:15 Ballistics
31:01 Husbandry
31:07 Thumb Ring
31:33 Bracer
32:42 Chemistry
35:05 Conscription
36:42 Horse Collar
39:23 Two-Man Saw
38:46 Elite War Wagon
40:55 Guilds
43:38 Pikeman
44:18 Squires
44:25 Halberdier
46:33 Scale Mail Armor
46:44 Forging
LuisDaniel123
8:58 Loom
11:13 Feudal Age
11:57 Double-Bit Axe
13:58 Scale Barding Armor
13:56 Horse Collar
17:51 Fletching
20:26 Stone Mining
22:58 Castle Age
21:29 Gold Mining
24:01 Bow Saw
24:05 Bodkin Arrow
26:18 Padded Archer Armor
30:34 Bloodlines
30:51 Ballistics
31:24 Leather Archer Armor
34:33 Wheelbarrow
36:01 Town Watch
40:21 Imperial Age
38:36 Hand Cart
40:12 Gold Shaft Mining
40:18 Stone Shaft Mining
41:06 Bracer
42:14 Chemistry
42:39 Parthian Tactics
43:24 Husbandry
44:08 Thumb Ring
46:02 Conscription
46:19 Elite Mangudai
48:38 Light Cavalry
50:18 Town Patrol
mikeymazko
12:11 Loom
14:17 Feudal Age
15:12 Loom
15:16 Double-Bit Axe
18:52 Castle Age
19:22 Gold Mining
20:01 Bow Saw
21:20 Wheelbarrow
24:31 Horse Collar
25:19 Heavy Plow
28:00 Stone Mining
28:49 Scale Barding Armor
32:18 Imperial Age
30:07 Bloodlines
30:22 Husbandry
30:47 Chain Barding Armor
31:27 Forging
32:06 Hand Cart
31:36 Town Watch
31:47 Treadmill Crane
32:54 Iron Casting
32:22 Cavalier
32:24 Heavy Camel Rider
33:32 Conscription
33:54 Gold Shaft Mining
34:04 Plate Barding Armor
34:36 Blast Furnace
34:54 Crop Rotation
35:02 Stone Shaft Mining
37:57 Coinage
37:22 Fletching
37:33 Padded Archer Armor
37:55 Ballistics
38:36 Chemistry
38:14 Elite Camel Archer
38:54 Bodkin Arrow
39:12 Masonry
40:08 Bracer
41:58 Thumb Ring
43:05 Leather Archer Armor
43:09 Elite Genitour
45:25 Kasbah
45:28 Maghrebi Camels
46:38 Capped Ram
48:19 Banking
48:15 Siege Engineers
51:27 Ring Archer Armor
50:56 Guard Tower
Bl++d
2:54 Loom
14:35 Feudal Age
18:43 Castle Age
17:07 Double-Bit Axe
19:33 Fletching
19:58 Padded Archer Armor
21:16 Leather Archer Armor
22:44 Horse Collar
24:18 Scale Barding Armor
25:16 Ballistics
25:23 Bodkin Arrow
27:27 Chain Barding Armor
42:24 Paiks
42:39 Heavy Plow
42:52 Bow Saw
44:39 Wheelbarrow
45:46 Hand Cart
48:41 Imperial Age
46:43 Husbandry
49:52 Bracer
50:24 Ring Archer Armor
49:16 Elite Ratha (Ranged)
50:19 Conscription
50:49 Bloodlines
51:42 Chemistry
51:23 Plate Barding Armor
51:00 Forging
51:46 Crop Rotation
51:14 Gold Mining
52:29 Two-Man Saw
51:50 Forging
Fs.Caboclo
4:13 Loom
13:17 Feudal Age
14:06 Man-at-Arms
19:13 Wheelbarrow
22:13 Castle Age
21:13 Forging
22:47 Double-Bit Axe
26:52 Light Cavalry
29:41 Bloodlines
29:34 Husbandry
36:07 Bow Saw
36:42 Horse Collar
38:22 Heavy Plow
38:44 Gold Mining
42:39 Imperial Age
41:08 Hand Cart
42:37 Iron Casting
42:08 Scale Barding Armor
43:37 Gold Shaft Mining
42:53 Stone Mining
44:30 Two-Man Saw
42:54 Heavy Camel Rider
44:36 Blast Furnace
44:58 Chain Barding Armor
45:01 Town Watch
46:32 Plate Barding Armor
47:27 Scale Mail Armor
46:50 Imperial Camel Rider
48:03 Conscription
47:59 Siege Elephant
50:12 Fletching
Connection lost

Rejoining the realm…

Still unreachable

The connection could not be restored.

Session expired

The server has moved on; the page needs a fresh start.